WCHLSIM.com - West Coast Hockey League
html PUBLIC "-//W3C//DTD XHTML 1.0 Transitional//EN" "http://www.w3.org/TR/xhtml1/DTD/xhtml1-transitional.dtd"> WCHL - Game 949 - PORTLAND PIRATES vs UTAH ICE BEARS

PORTLAND PIRATES vs UTAH ICE BEARS

Created - 3 mars 2024 at 22:54

Goals
1 2 3 T
PORTLAND PIRATES 0 1 2 3
UTAH ICE BEARS 1 2 2 5
Shots
1 2 3 T
PORTLAND PIRATES 9 10 16 35
UTAH ICE BEARS 13 8 7 28

1st period

1. UTAH ICE BEARS , Matias Maccelli 13 (Andrew Mangiapane 6, Blake Lizotte 3) at 10:21

Penalties :
MacKenzie Weegar (UTA) for Holding (Minor) at 18:22

2nd period

2. PORTLAND PIRATES , Mika Zibanejad 37 (Chandler Stephenson 31, Thomas Chabot 16) at 4:12 (PP)
3. UTAH ICE BEARS , Jordan Eberle 23 (Kristopher Letang 27) at 5:35
4. UTAH ICE BEARS , Matthew Tkachuk 26 (Alexander Ovechkin 36, Evgeni Malkin 45) at 5:53

Penalties :
MacKenzie Weegar (UTA) for Hooking (Minor) at 3:42, Alexander Barabanov (UTA) for Hooking (Minor) at 10:58

3rd period

5. PORTLAND PIRATES , Travis Konecny 29 (Robert Thomas 40, Mika Zibanejad 38) at 4:56
6. PORTLAND PIRATES , Chandler Stephenson 20 (Brett Pesce 20) at 8:06
7. UTAH ICE BEARS , Jordan Eberle 24 (Matthew Beniers 41, Alexander Barabanov 34) at 12:39
8. UTAH ICE BEARS , Matthew Beniers 21 (Kristopher Letang 28, Alexander Barabanov 35) at 16:18

Penalties :
No Penalty

Goalie Stats

Cameron Talbot (POR), 23 saves from 28 shots - (0,821), L, 10-7-1, 60:00 minutes
Thatcher Demko (UTA), 32 saves from 35 shots - (0,914), W, 19-12-5, 60:00 minutes

Players Stats for PORTLAND PIRATES

Player Name              G  A  P  +/- PIM S  H  SB GA TA FO     MP     PP MP  PK MP  
------------------------------------------------------------------------------------
Alexander Kerfoot        0  0  0  -2  0   1  0  0  0  0  0/0    13:24   0:00   0:00 
Brett Pesce              0  1  1  -1  0   2  1  1  0  0  0/0    19:32   0:14   0:00 
Brian Dumoulin           0  0  0  -2  0   0  0  0  0  0  0/0    18:53   0:00   0:00 
Chandler Stephenson      1  1  2   1  0   7  0  0  0  0  13/22  21:20   2:47   0:00 
Jonathan Toews           0  0  0  -2  0   4  1  0  0  0  8/14   13:38   0:14   0:00 
Marc-Edouard Vlasic      0  0  0  -1  0   0  1  0  0  0  0/0    19:18   0:00   0:00 
Michael McLeod           0  0  0  -1  0   0  0  0  0  0  2/3     7:32   3:01   0:00 
Mika Zibanejad           1  1  2  -1  0   5  1  0  0  0  18/29  22:05   3:01   0:00 
Nathan Bastian           0  0  0  -1  0   0  0  0  0  0  0/1     4:31   0:00   0:00 
Nick Holden              0  0  0   0  0   3  0  3  0  0  0/0    18:48   1:27   0:00 
Pavel Zacha              0  0  0   1  0   2  0  0  0  0  2/2    20:00   1:27   0:00 
Robert Thomas            0  1  1  -1  0   3  0  0  0  0  2/5    20:31   1:27   0:00 
Ryan McLeod              0  0  0  -3  0   1  1  1  0  0  1/1    19:22   1:27   0:00 
Thomas Chabot            0  1  1   0  0   2  0  1  0  0  0/0    20:08   2:47   0:00 
Travis Hamonic           0  0  0  -2  0   0  0  1  0  0  0/0    18:53   0:00   0:00 
Travis Konecny           1  0  1  -1  0   3  2  0  0  0  0/1    22:05   3:01   0:00 
William Carrier          0  0  0   0  0   0  0  0  0  0  0/0     0:00   0:00   0:00 
Yanni Gourde             0  0  0   1  0   2  2  0  0  0  2/2    20:00   1:27   0:00 

Players Stats for UTAH ICE BEARS

Player Name              G  A  P  +/- PIM S  H  SB GA TA FO     MP     PP MP  PK MP  
------------------------------------------------------------------------------------
Alexander Barabanov      0  2  2   2  2   3  3  0  0  0  0/2    18:21   0:00   0:00 
Alexander Ovechkin       0  1  1   0  0   6  2  0  0  0  0/2    19:48   0:00   0:00 
Andrew Mangiapane        0  1  1   1  0   0  0  0  0  0  0/0     7:55   0:00   3:18 
Andrew Peeke             0  0  0  -1  0   0  4  1  0  0  0/0    19:00   0:00   3:12 
Blake Lizotte            0  1  1   1  0   0  0  0  0  0  4/8     5:40   0:00   1:03 
Bowen Byram              0  0  0   1  0   0  0  4  0  0  0/0    21:05   0:00   0:33 
Casey Mittelstadt        0  0  0   0  0   4  0  0  0  0  0/1    13:48   0:00   1:03 
David Savard             0  0  0   3  0   0  0  1  0  0  0/0    21:14   0:00   2:02 
Evgeni Malkin            0  1  1   0  0   0  0  1  0  0  9/18   19:56   0:00   0:08 
Jordan Eberle            2  0  2   2  0   3  1  1  0  0  0/1    18:22   0:00   0:00 
Kristopher Letang        0  2  2   3  0   0  2  2  0  0  0/0    22:06   0:00   0:00 
Lucas Raymond            0  0  0   0  0   0  1  0  0  0  1/1    12:45   0:00   0:00 
MacKenzie Weegar         0  0  0   1  4   0  1  0  0  0  0/0    21:13   0:00   0:43 
Matias Maccelli          1  0  1   1  0   1  0  0  0  0  0/0     4:37   0:00   0:00 
Matthew Beniers          1  1  2   2  0   3  0  0  0  0  11/24  18:22   0:00   0:00 
Matthew Tkachuk          1  0  1   0  0   5  1  3  0  0  0/2    19:55   0:00   0:07 
Morgan Frost             0  0  0   0  0   3  0  0  0  0  7/21   16:02   0:00   3:17 
Ryan Suter               0  0  0  -1  0   0  0  0  0  0  0/0    15:20   0:00   2:26 

3 Stars

1 - Jordan Eberle (UTA)
2 - Kristopher Letang (UTA)
3 - Matthew Beniers (UTA)

Power Play

PORTLAND PIRATES - 1 on 3 Attempt(s) - 33,33%
UTAH ICE BEARS - 0 on 0 Attempt(s) - 0,00%

Penalty Kill

PORTLAND PIRATES - 0 on 0 Attempt(s) - 0,00% - Score 0 goal in Penalty Kill
UTAH ICE BEARS - 2 on 3 Attempt(s) - 66,67% - Score 0 goal in Penalty Kill

Team Stat

PORTLAND PIRATES - Hits : 9 - Faceoff Wins : 48 - Blocked Shots : 7 - Penalty Minutes : 0
UTAH ICE BEARS - Hits : 15 - Faceoff Wins : 32 - Blocked Shots : 13 - Penalty Minutes : 6

Official

Referees : Tom Chmielewski and Brad Meier
Linesman : Brent Hooks and Kyle Flemington

Game Notes

No Game Note

Finance

Level 1 -- Attendance: 6567 (84,74%) -- Ticket Income 755 205 $
Level 2 -- Attendance: 5078 (88,31%) -- Ticket Income 391 006 $
Level 3 -- Attendance: 2500 (100,00%) -- Ticket Income 155 000 $
Level 4 -- Attendance: 4403 (88,06%) -- Ticket Income 180 523 $
Luxury Box -- Attendance: 1000 (100,00%) -- Ticket Income 250 000 $
Total Attendance: 19548 (88,85%)
Total Ticket Income: 1 731 734 $
Other Expense: 17 317 $
Total Income: 1 714 417 $

PORTLAND PIRATES

5 vs 5 Forward 
   Center                   Left Wing                Right Wing               Time % Phy DF OF 
 1 Mika Zibanejad           Travis Konecny           Robert Thomas            34     0   1  4  
 2 Chandler Stephenson      Pavel Zacha              Yanni Gourde             32     0   2  3  
 3 Jonathan Toews           Alexander Kerfoot        Ryan McLeod              24     0   2  3  
 4 Michael McLeod           Ryan McLeod              Nathan Bastian           10     0   3  2  

5 vs 5 Defense 
   Defense                  Defense                                           Time % Phy DF OF 
 1 Brett Pesce              Marc-Edouard Vlasic                               34     0   4  1  
 2 Brian Dumoulin           Travis Hamonic                                    34     0   4  1  
 3 Nick Holden              Thomas Chabot                                     22     0   4  1  
 4 Nick Holden              Thomas Chabot                                     10     0   4  1  

PowerPlay Forward 
   Center                   Left Wing                Right Wing               Time % Phy DF OF 
 1 Mika Zibanejad           Chandler Stephenson      Travis Konecny           60     0   0  5  
 2 Robert Thomas            Pavel Zacha              Yanni Gourde             40     0   0  5  

PowerPlay Defense
   Defense                  Defense                                           Time % Phy DF OF 
 1 Thomas Chabot            Michael McLeod                                    60     0   1  4  
 2 Nick Holden              Ryan McLeod                                       40     0   1  4  

Penalty Kill 4 Players Forward 
   Center                   Wing                     Time % Phy DF OF 
 1 Michael McLeod           Alexander Kerfoot        60     0   5  0  
 2 Yanni Gourde             Nathan Bastian           40     0   5  0  

Penalty Kill 4 Players Defense
   Defense                  Defense                  Time % Phy DF OF 
 1 Brett Pesce              Marc-Edouard Vlasic      60     0   5  0  
 2 Brian Dumoulin           Travis Hamonic           40     0   5  0  

Penalty Kill - 3 Players Forward 
   Forward                                           Time % Phy DF OF 
 1 Michael McLeod                                    55     0   5  0  
 2 Alexander Kerfoot                                 45     0   5  0  

Penalty Kill - 3 Players Defense
   Defense                  Defense                  Time % Phy DF OF 
 1 Brian Dumoulin           Travis Hamonic           55     0   5  0  
 2 Brett Pesce              Marc-Edouard Vlasic      45     0   5  0  

4 vs 4 Forward 
   Center                   Wing                     Time % Phy DF OF 
 1 Mika Zibanejad           Travis Konecny           55     0   1  4  
 2 Robert Thomas            Chandler Stephenson      45     0   1  4  

4 vs 4 Defense
   Defense                  Defense                  Time % Phy DF OF 
 1 Marc-Edouard Vlasic      Nick Holden              55     0   3  2  
 2 Thomas Chabot            Travis Hamonic           45     0   3  2  

Last Minutes Offensive
   Center                   Left Wing                Right Wing               Defense                  Defense                  
   Mika Zibanejad           Travis Konecny           Robert Thomas            Thomas Chabot            Brett Pesce              

Last Minutes Defensive
   Center                   Left Wing                Right Wing               Defense                  Defense                  
   Michael McLeod           Chandler Stephenson      Yanni Gourde             Brian Dumoulin           Brett Pesce              

Goaltenders
Starting : Cameron Talbot           
Backup : Martin Jones             

Extra Forwards
Normal : William Carrier, Michael McLeod, Ryan McLeod - PP : Jonathan Toews, William Carrier - PK : Jonathan Toews
Extra Defensemen
Normal : Nick Holden, Travis Hamonic, Marc-Edouard Vlasic - PP : Brett Pesce - PK : Nick Holden, Thomas Chabot
Penalty Shots
Mika Zibanejad, Travis Konecny, Robert Thomas, Chandler Stephenson, Pavel Zacha
Custom OT Lines Forwards
Mika Zibanejad, Robert Thomas, Travis Konecny, Chandler Stephenson, Yanni Gourde, Pavel Zacha, Jonathan Toews, William Carrier, Ryan McLeod, Michael McLeod
Custom OT Lines Defensemen
Brett Pesce, Thomas Chabot, Brian Dumoulin, Nick Holden, Travis Hamonic

Scratches
Alec Martinez (Healthy), Michael Amadio (Healthy), Ryan Donato (Healthy), Sam Steel (Back Spasms Injury)

UTAH ICE BEARS

5 vs 5 Forward 
   Center                   Left Wing                Right Wing               Time % Phy DF OF 
 1 Evgeni Malkin            Alexander Ovechkin       Matthew Tkachuk          37     0   1  4  
 2 Matthew Beniers          Alexander Barabanov      Jordan Eberle            34     1   2  2  
 3 Morgan Frost             Casey Mittelstadt        Lucas Raymond            24     0   2  3  
 4 Blake Lizotte            Matias Maccelli          Andrew Mangiapane        5      0   3  2  

5 vs 5 Defense 
   Defense                  Defense                                           Time % Phy DF OF 
 1 David Savard             Kristopher Letang                                 35     1   2  2  
 2 Bowen Byram              MacKenzie Weegar                                  35     1   2  2  
 3 Andrew Peeke             Ryan Suter                                        23     1   2  2  
 4 Andrew Peeke             Kristopher Letang                                 7      0   3  2  

PowerPlay Forward 
   Center                   Left Wing                Right Wing               Time % Phy DF OF 
 1 Evgeni Malkin            Alexander Ovechkin       Matthew Tkachuk          65     0   1  4  
 2 Matthew Beniers          Alexander Barabanov      Jordan Eberle            35     0   1  4  

PowerPlay Defense
   Defense                  Defense                                           Time % Phy DF OF 
 1 Kristopher Letang        Bowen Byram                                       65     0   2  3  
 2 MacKenzie Weegar         Ryan Suter                                        35     0   2  3  

Penalty Kill 4 Players Forward 
   Center                   Wing                     Time % Phy DF OF 
 1 Morgan Frost             Andrew Mangiapane        60     1   4  0  
 2 Blake Lizotte            Casey Mittelstadt        40     1   4  0  

Penalty Kill 4 Players Defense
   Defense                  Defense                  Time % Phy DF OF 
 1 Andrew Peeke             Ryan Suter               60     1   4  0  
 2 MacKenzie Weegar         David Savard             40     1   4  0  

Penalty Kill - 3 Players Forward 
   Forward                                           Time % Phy DF OF 
 1 Blake Lizotte                                     55     1   4  0  
 2 Morgan Frost                                      45     1   4  0  

Penalty Kill - 3 Players Defense
   Defense                  Defense                  Time % Phy DF OF 
 1 MacKenzie Weegar         David Savard             55     1   4  0  
 2 Ryan Suter               Andrew Peeke             45     1   4  0  

4 vs 4 Forward 
   Center                   Wing                     Time % Phy DF OF 
 1 Evgeni Malkin            Matthew Tkachuk          55     0   2  3  
 2 Matthew Beniers          Alexander Ovechkin       45     0   2  3  

4 vs 4 Defense
   Defense                  Defense                  Time % Phy DF OF 
 1 MacKenzie Weegar         David Savard             55     0   3  2  
 2 Bowen Byram              Kristopher Letang        45     0   3  2  

Last Minutes Offensive
   Center                   Left Wing                Right Wing               Defense                  Defense                  
   Evgeni Malkin            Alexander Ovechkin       Matthew Tkachuk          MacKenzie Weegar         Bowen Byram              

Last Minutes Defensive
   Center                   Left Wing                Right Wing               Defense                  Defense                  
   Evgeni Malkin            Andrew Mangiapane        Matthew Tkachuk          MacKenzie Weegar         David Savard             

Goaltenders
Starting : Thatcher Demko           
Backup : Connor Ingram            

Extra Forwards
Normal : Alexander Ovechkin, Jordan Eberle, Casey Mittelstadt - PP : Matthew Beniers, Casey Mittelstadt - PK : Andrew Mangiapane
Extra Defensemen
Normal : Ryan Suter, David Savard, MacKenzie Weegar - PP : Ryan Suter - PK : Andrew Peeke, David Savard
Penalty Shots
Alexander Ovechkin, Matthew Tkachuk, Evgeni Malkin, Jordan Eberle, Alexander Barabanov
Custom OT Lines Forwards
Evgeni Malkin, Alexander Ovechkin, Matthew Tkachuk, Matthew Beniers, Alexander Barabanov, Matias Maccelli, Casey Mittelstadt, Andrew Mangiapane, Morgan Frost, Lucas Raymond
Custom OT Lines Defensemen
MacKenzie Weegar, Kristopher Letang, David Savard, Bowen Byram, Ryan Suter

Scratches
Artem Zub (Strained Right Knee Injury), Ross Colton (Healthy)

% Time on Ice - PORTLAND PIRATES

Lines # - Real PCT - Wanted PCT - Time Play
Normal Forward
1 - 34% - 34% - 19:04
2 - 33% - 32% - 18:33
3 - 24% - 24% - 13:24
4 - 8% - 10% - 4:31
Normal Defense
1 - 35% - 34% - 19:18
2 - 34% - 34% - 18:53
3 - 21% - 22% - 11:56
4 - 10% - 10% - 5:25
PP Forward
1 - 68% - 60% - 3:01
2 - 32% - 40% - 1:27
PP Defense
1 - 68% - 60% - 3:01
2 - 32% - 40% - 1:27
PK Forward
1 - 0% - 60%
2 - 0% - 40%
PK Defense
1 - 0% - 60%
2 - 0% - 40%
PK3 Forward
1 - 0% - 55%
2 - 0% - 45%
PK3 Defense
1 - 0% - 55%
2 - 0% - 45%
44 Forward
1 - 0% - 55%
2 - 0% - 45%
44 Defense
1 - 0% - 55%
2 - 0% - 45%
Last Minute Offensive  - 0:00
Last Minute Defensive  - 0:00
Total
Forward - 60:00
Defense - 60:00

% Time on Ice - UTAH ICE BEARS

Lines # - Real PCT - Wanted PCT - Time Play
Normal Forward
1 - 36% - 37% - 19:48
2 - 33% - 34% - 18:22
3 - 23% - 24% - 12:45
4 - 8% - 5% - 4:37
Normal Defense
1 - 35% - 35% - 19:12
2 - 37% - 35% - 20:32
3 - 23% - 23% - 12:54
4 - 5% - 7% - 2:54
PP Forward
1 - 0% - 65%
2 - 0% - 35%
PP Defense
1 - 0% - 65%
2 - 0% - 35%
PK Forward
1 - 76% - 60% - 3:25
2 - 24% - 40% - 1:03
PK Defense
1 - 54% - 60% - 2:26
2 - 46% - 40% - 2:02
PK3 Forward
1 - 0% - 55%
2 - 0% - 45%
PK3 Defense
1 - 0% - 55%
2 - 0% - 45%
44 Forward
1 - 0% - 55%
2 - 0% - 45%
44 Defense
1 - 0% - 55%
2 - 0% - 45%
Last Minute Offensive  - 0:00
Last Minute Defensive  - 0:00
Total
Forward - 60:00
Defense - 60:00

Play-by-Play

1st period


0:01 of 1st period - Mika Zibanejad wins face-off versus Evgeni Malkin in neutral zone.
0:15 of 1st period - Shot by Evgeni Malkin.
0:15 of 1st period - Shot Misses the Net.
0:21 of 1st period - Shot by Matthew Tkachuk.
0:21 of 1st period - Stopped by Cameron Talbot with a rebound.
0:25 of 1st period - Shot by Evgeni Malkin.
0:25 of 1st period - Shot Blocked by Brett Pesce.
0:27 of 1st period - Shot by Kristopher Letang.
0:27 of 1st period - Shot Misses the Net.
0:43 of 1st period - Shot by Matthew Tkachuk.
0:43 of 1st period - Stopped by Cameron Talbot with a rebound.
1:27 of 1st period - Yanni Gourde is hit by Alexander Ovechkin and loses puck.
2:19 of 1st period - Shot by Jordan Eberle.
2:19 of 1st period - Shot Misses the Net.
2:21 of 1st period - Shot by MacKenzie Weegar.
2:21 of 1st period - Shot Blocked by Nick Holden.
3:07 of 1st period - Shot by Mika Zibanejad.
3:07 of 1st period - Deflect By Travis Konecny.
3:07 of 1st period - Stopped by Thatcher Demko with a rebound.
3:09 of 1st period - Shot by Robert Thomas.
3:09 of 1st period - Shot Misses the Net.
3:11 of 1st period - Shot by Travis Konecny.
3:11 of 1st period - Deflect By Mika Zibanejad.
3:11 of 1st period - Stopped by Thatcher Demko without a rebound.
3:12 of 1st period - Yanni Gourde wins face-off versus Blake Lizotte in UTAH ICE BEARS zone.
3:32 of 1st period - Off-side.
3:33 of 1st period - Mika Zibanejad wins face-off versus Morgan Frost in neutral zone.
3:36 of 1st period - MacKenzie Weegar is hit by Travis Konecny.
3:56 of 1st period - Shot by Morgan Frost.
3:56 of 1st period - Stopped by Cameron Talbot with a rebound.
4:12 of 1st period - Shot by Robert Thomas.
4:12 of 1st period - Shot Misses the Net.
4:25 of 1st period - Icing by Brett Pesce.
4:26 of 1st period - Mika Zibanejad wins face-off versus Matthew Beniers in PORTLAND PIRATES zone.
4:26 of 1st period - Mika Zibanejad is hit by Alexander Barabanov.
4:41 of 1st period - Off-side.
4:42 of 1st period - Michael McLeod wins face-off versus Blake Lizotte in neutral zone.
5:20 of 1st period - Shot by Andrew Mangiapane.
5:20 of 1st period - Shot Misses the Net.
5:56 of 1st period - Shot by Yanni Gourde.
5:56 of 1st period - Stopped by Thatcher Demko without a rebound.
5:57 of 1st period - Mika Zibanejad wins face-off versus Casey Mittelstadt in UTAH ICE BEARS zone.
5:57 of 1st period - Mika Zibanejad is hit by Kristopher Letang.
6:01 of 1st period - Shot by Robert Thomas.
6:01 of 1st period - Shot Misses the Net.
6:55 of 1st period - Shot by Alexander Barabanov.
6:55 of 1st period - Stopped by Cameron Talbot without a rebound.
6:56 of 1st period - Chandler Stephenson wins face-off versus Evgeni Malkin in PORTLAND PIRATES zone.
7:28 of 1st period - Shot by Yanni Gourde.
7:28 of 1st period - Shot Misses the Net.
8:39 of 1st period - Shot by Mika Zibanejad.
8:39 of 1st period - Shot Blocked by Bowen Byram.
8:41 of 1st period - Shot by Robert Thomas.
8:41 of 1st period - Shot Misses the Net.
8:57 of 1st period - Shot by Robert Thomas.
8:57 of 1st period - Shot Misses the Net.
8:59 of 1st period - Shot by Brett Pesce.
8:59 of 1st period - Shot Misses the Net.
9:01 of 1st period - Shot by Brett Pesce.
9:01 of 1st period - Stopped by Thatcher Demko without a rebound.
9:02 of 1st period - Morgan Frost wins face-off versus Chandler Stephenson in UTAH ICE BEARS zone.
10:00 of 1st period - Chandler Stephenson is hit by Andrew Peeke and loses puck.
10:19 of 1st period - Shot by Alexander Ovechkin.
10:19 of 1st period - Stopped by Cameron Talbot without a rebound.
10:20 of 1st period - Blake Lizotte wins face-off versus Robert Thomas in PORTLAND PIRATES zone.
10:21 of 1st period - Shot by Andrew Mangiapane.
10:21 of 1st period - Deflect By Matias Maccelli.
10:21 of 1st period - Goal by Matias Maccelli - PORTLAND PIRATES : 0 - UTAH ICE BEARS : 1.
10:22 of 1st period - Jonathan Toews wins face-off versus Matthew Beniers in neutral zone.
10:28 of 1st period - Icing by Travis Hamonic.
10:29 of 1st period - Matthew Beniers wins face-off versus Jonathan Toews in PORTLAND PIRATES zone.
10:56 of 1st period - Shot by Jonathan Toews.
10:56 of 1st period - Shot Misses the Net.
11:12 of 1st period - Shot by Alexander Barabanov.
11:12 of 1st period - Shot Blocked by Ryan McLeod.
11:14 of 1st period - Shot by Matthew Beniers.
11:14 of 1st period - Stopped by Cameron Talbot without a rebound.
11:15 of 1st period - Mika Zibanejad wins face-off versus Evgeni Malkin in PORTLAND PIRATES zone.
12:23 of 1st period - Shot by Lucas Raymond.
12:23 of 1st period - Shot Misses the Net.
12:33 of 1st period - Shot by Casey Mittelstadt.
12:33 of 1st period - Stopped by Cameron Talbot with a rebound.
12:47 of 1st period - Shot by Casey Mittelstadt.
12:47 of 1st period - Stopped by Cameron Talbot without a rebound.
12:48 of 1st period - Matthew Beniers wins face-off versus Chandler Stephenson in PORTLAND PIRATES zone.
13:23 of 1st period - Shot by Yanni Gourde.
13:23 of 1st period - Shot Blocked by Bowen Byram.
13:25 of 1st period - Shot by Nick Holden.
13:25 of 1st period - Stopped by Thatcher Demko without a rebound.
13:26 of 1st period - Ryan McLeod wins face-off versus Alexander Ovechkin in UTAH ICE BEARS zone.
14:44 of 1st period - Shot by Lucas Raymond.
14:44 of 1st period - Shot Misses the Net.
15:03 of 1st period - Shot by Casey Mittelstadt.
15:03 of 1st period - Stopped by Cameron Talbot without a rebound.
15:04 of 1st period - Pavel Zacha wins face-off versus Matthew Beniers in PORTLAND PIRATES zone.
15:37 of 1st period - Shot by Yanni Gourde.
15:37 of 1st period - Shot Misses the Net.
15:39 of 1st period - Shot by Chandler Stephenson.
15:39 of 1st period - Stopped by Thatcher Demko without a rebound.
15:40 of 1st period - Mika Zibanejad wins face-off versus Matthew Tkachuk in UTAH ICE BEARS zone.
15:43 of 1st period - Shot by Mika Zibanejad.
15:43 of 1st period - Stopped by Thatcher Demko without a rebound.
15:44 of 1st period - Evgeni Malkin wins face-off versus Mika Zibanejad in UTAH ICE BEARS zone.
15:49 of 1st period - Shot by Alexander Ovechkin.
15:49 of 1st period - Stopped by Cameron Talbot without a rebound.
15:50 of 1st period - Mika Zibanejad wins face-off versus Alexander Ovechkin in PORTLAND PIRATES zone.
15:58 of 1st period - Shot by Matthew Tkachuk.
15:58 of 1st period - Stopped by Cameron Talbot without a rebound.
15:59 of 1st period - Chandler Stephenson wins face-off versus Alexander Barabanov in PORTLAND PIRATES zone.
15:59 of 1st period - Chandler Stephenson is hit by Alexander Barabanov.
17:02 of 1st period - Shot by Matthew Tkachuk.
17:02 of 1st period - Shot Blocked by Nick Holden.
17:38 of 1st period - Shot by Alexander Kerfoot.
17:38 of 1st period - Shot Blocked by Kristopher Letang.
17:40 of 1st period - Shot by Brett Pesce.
17:40 of 1st period - Stopped by Thatcher Demko without a rebound.
17:41 of 1st period - Mika Zibanejad wins face-off versus Morgan Frost in UTAH ICE BEARS zone.
17:41 of 1st period - Robert Thomas is hit by MacKenzie Weegar and loses puck.
17:50 of 1st period - Shot by Travis Konecny.
17:50 of 1st period - Shot Misses the Net.
17:56 of 1st period - Shot by Casey Mittelstadt.
17:56 of 1st period - Stopped by Cameron Talbot without a rebound.
17:57 of 1st period - Jonathan Toews wins face-off versus Alexander Barabanov in PORTLAND PIRATES zone.
18:02 of 1st period - Jordan Eberle is hit by Jonathan Toews and loses puck.
18:13 of 1st period - Shot by Jonathan Toews.
18:13 of 1st period - Stopped by Thatcher Demko without a rebound.
18:14 of 1st period - Morgan Frost wins face-off versus Robert Thomas in UTAH ICE BEARS zone.
18:22 of 1st period - Minor Penalty to MacKenzie Weegar for Holding.
18:23 of 1st period - Morgan Frost wins face-off versus Mika Zibanejad in UTAH ICE BEARS zone.
18:40 of 1st period - Andrew Mangiapane is hit by Travis Konecny and loses puck.
Goals for this period are 0 for PORTLAND PIRATES vs 1 for UTAH ICE BEARS.
Shots for this period are 9 for PORTLAND PIRATES vs 13 for UTAH ICE BEARS.

2nd period


0:01 of 2nd period - Mika Zibanejad wins face-off versus Morgan Frost in neutral zone.
0:43 of 2nd period - Shot by Evgeni Malkin.
0:43 of 2nd period - Shot Misses the Net.
1:18 of 2nd period - Icing by Brett Pesce.
1:19 of 2nd period - Jonathan Toews wins face-off versus Matthew Beniers in PORTLAND PIRATES zone.
1:46 of 2nd period - Shot by Matthew Beniers.
1:46 of 2nd period - Stopped by Cameron Talbot without a rebound.
1:47 of 2nd period - Chandler Stephenson wins face-off versus Morgan Frost in PORTLAND PIRATES zone.
1:49 of 2nd period - Icing by Thomas Chabot.
1:50 of 2nd period - Chandler Stephenson wins face-off versus Morgan Frost in PORTLAND PIRATES zone.
2:13 of 2nd period - Shot by Yanni Gourde.
2:13 of 2nd period - Shot Misses the Net.
3:19 of 2nd period - Shot by Matthew Beniers.
3:19 of 2nd period - Shot Blocked by Travis Hamonic.
3:42 of 2nd period - Minor Penalty to MacKenzie Weegar for Hooking.
3:43 of 2nd period - Mika Zibanejad wins face-off versus Morgan Frost in UTAH ICE BEARS zone.
3:54 of 2nd period - Shot by Mika Zibanejad.
3:54 of 2nd period - Shot Blocked by Andrew Peeke.
3:56 of 2nd period - Shot by Mika Zibanejad.
3:56 of 2nd period - Stopped by Thatcher Demko without a rebound.
3:57 of 2nd period - Mika Zibanejad wins face-off versus Morgan Frost in UTAH ICE BEARS zone.
4:12 of 2nd period - Shot by Mika Zibanejad.
4:12 of 2nd period - Goal by Mika Zibanejad - PORTLAND PIRATES : 1 - UTAH ICE BEARS : 1.
4:13 of 2nd period - Jonathan Toews wins face-off versus Evgeni Malkin in neutral zone.
4:40 of 2nd period - Shot by Alexander Ovechkin.
4:40 of 2nd period - Shot Misses the Net.
4:47 of 2nd period - Off-side.
4:48 of 2nd period - Mika Zibanejad wins face-off versus Matthew Beniers in neutral zone.
5:35 of 2nd period - Shot by Jordan Eberle.
5:35 of 2nd period - Goal by Jordan Eberle - PORTLAND PIRATES : 1 - UTAH ICE BEARS : 2.
5:36 of 2nd period - Jonathan Toews wins face-off versus Evgeni Malkin in neutral zone.
5:53 of 2nd period - Shot by Matthew Tkachuk.
5:53 of 2nd period - Goal by Matthew Tkachuk - PORTLAND PIRATES : 1 - UTAH ICE BEARS : 3.
5:54 of 2nd period - Morgan Frost wins face-off versus Chandler Stephenson in neutral zone.
6:12 of 2nd period - Icing by Morgan Frost.
6:13 of 2nd period - Morgan Frost wins face-off versus Mika Zibanejad in UTAH ICE BEARS zone.
6:20 of 2nd period - Shot by Morgan Frost.
6:20 of 2nd period - Shot Blocked by Nick Holden.
6:22 of 2nd period - Shot by Ryan Suter.
6:22 of 2nd period - Shot Misses the Net.
6:24 of 2nd period - Shot by Andrew Peeke.
6:24 of 2nd period - Shot Misses the Net.
6:26 of 2nd period - Shot by Andrew Peeke.
6:26 of 2nd period - Shot Misses the Net.
6:34 of 2nd period - Shot by Morgan Frost.
6:34 of 2nd period - Stopped by Cameron Talbot without a rebound.
6:35 of 2nd period - Evgeni Malkin wins face-off versus Jonathan Toews in PORTLAND PIRATES zone.
6:56 of 2nd period - Shot by Jonathan Toews.
6:56 of 2nd period - Stopped by Thatcher Demko without a rebound.
6:57 of 2nd period - Robert Thomas wins face-off versus Matthew Beniers in UTAH ICE BEARS zone.
8:01 of 2nd period - Off-side.
8:02 of 2nd period - Jonathan Toews wins face-off versus Evgeni Malkin in neutral zone.
8:15 of 2nd period - Thomas Chabot is hit by Alexander Ovechkin and loses puck.
8:22 of 2nd period - Shot by Ryan McLeod.
8:22 of 2nd period - Shot Misses the Net.
9:40 of 2nd period - Shot by Robert Thomas.
9:40 of 2nd period - Stopped by Thatcher Demko without a rebound.
9:41 of 2nd period - Chandler Stephenson wins face-off versus Matthew Beniers in UTAH ICE BEARS zone.
10:02 of 2nd period - Shot by Pavel Zacha.
10:02 of 2nd period - Stopped by Thatcher Demko without a rebound.
10:03 of 2nd period - Mika Zibanejad wins face-off versus Matthew Tkachuk in UTAH ICE BEARS zone.
10:18 of 2nd period - Shot by Matthew Tkachuk.
10:18 of 2nd period - Shot Misses the Net.
10:34 of 2nd period - Shot by Alexander Ovechkin.
10:34 of 2nd period - Stopped by Cameron Talbot without a rebound.
10:35 of 2nd period - Matthew Beniers wins face-off versus Chandler Stephenson in PORTLAND PIRATES zone.
10:58 of 2nd period - Minor Penalty to Alexander Barabanov for Hooking.
10:59 of 2nd period - Morgan Frost wins face-off versus Mika Zibanejad in UTAH ICE BEARS zone.
11:26 of 2nd period - Chandler Stephenson is hit by Andrew Peeke and loses puck.
12:06 of 2nd period - Shot by Robert Thomas.
12:06 of 2nd period - Stopped by Thatcher Demko without a rebound.
12:07 of 2nd period - Robert Thomas wins face-off versus Blake Lizotte in UTAH ICE BEARS zone.
12:41 of 2nd period - Icing by Robert Thomas.
12:42 of 2nd period - Blake Lizotte wins face-off versus Robert Thomas in PORTLAND PIRATES zone.
12:49 of 2nd period - Shot by Yanni Gourde.
12:49 of 2nd period - Stopped by Thatcher Demko without a rebound.
12:50 of 2nd period - Mika Zibanejad wins face-off versus Morgan Frost in UTAH ICE BEARS zone.
12:53 of 2nd period - Shot by Chandler Stephenson.
12:53 of 2nd period - Stopped by Thatcher Demko without a rebound.
12:54 of 2nd period - Morgan Frost wins face-off versus Mika Zibanejad in UTAH ICE BEARS zone.
12:54 of 2nd period - Morgan Frost is hit by Mika Zibanejad.
13:53 of 2nd period - Icing by Travis Hamonic.
13:54 of 2nd period - Mika Zibanejad wins face-off versus Jordan Eberle in PORTLAND PIRATES zone.
14:13 of 2nd period - Icing by Bowen Byram.
14:14 of 2nd period - Matthew Beniers wins face-off versus Chandler Stephenson in UTAH ICE BEARS zone.
14:18 of 2nd period - Bowen Byram is hit by Marc-Edouard Vlasic and loses puck.
14:22 of 2nd period - Icing by Brett Pesce.
14:23 of 2nd period - Chandler Stephenson wins face-off versus Morgan Frost in PORTLAND PIRATES zone.
15:14 of 2nd period - Off-side.
15:15 of 2nd period - Evgeni Malkin wins face-off versus Jonathan Toews in neutral zone.
15:18 of 2nd period - Nick Holden is hit by Matthew Tkachuk and loses puck.
15:23 of 2nd period - Shot by Alexander Ovechkin.
15:23 of 2nd period - Stopped by Cameron Talbot with a rebound.
16:10 of 2nd period - Off-side.
16:11 of 2nd period - Matthew Beniers wins face-off versus Mika Zibanejad in neutral zone.
16:18 of 2nd period - Shot by Alexander Barabanov.
16:18 of 2nd period - Stopped by Cameron Talbot without a rebound.
16:19 of 2nd period - Chandler Stephenson wins face-off versus Matthew Beniers in PORTLAND PIRATES zone.
16:53 of 2nd period - Chandler Stephenson is hit by Kristopher Letang and loses puck.
17:40 of 2nd period - Shot by Robert Thomas.
17:40 of 2nd period - Shot Misses the Net.
17:47 of 2nd period - Icing by Marc-Edouard Vlasic.
17:48 of 2nd period - Evgeni Malkin wins face-off versus Mika Zibanejad in PORTLAND PIRATES zone.
18:13 of 2nd period - Icing by Marc-Edouard Vlasic.
18:14 of 2nd period - Blake Lizotte wins face-off versus Mika Zibanejad in PORTLAND PIRATES zone.
18:58 of 2nd period - Shot by Thomas Chabot.
18:58 of 2nd period - Stopped by Thatcher Demko with a rebound.
19:00 of 2nd period - Shot by Jonathan Toews.
19:00 of 2nd period - Shot Misses the Net.
19:02 of 2nd period - Shot by Nick Holden.
19:02 of 2nd period - Stopped by Thatcher Demko without a rebound.
19:03 of 2nd period - Evgeni Malkin wins face-off versus Chandler Stephenson in UTAH ICE BEARS zone.
19:10 of 2nd period - Shot by Matthew Tkachuk.
19:10 of 2nd period - Stopped by Cameron Talbot without a rebound.
19:11 of 2nd period - Yanni Gourde wins face-off versus Evgeni Malkin in PORTLAND PIRATES zone.
19:22 of 2nd period - Shot by Matthew Tkachuk.
19:22 of 2nd period - Shot Misses the Net.
19:25 of 2nd period - Icing by Brian Dumoulin.
19:26 of 2nd period - Chandler Stephenson wins face-off versus Matthew Beniers in PORTLAND PIRATES zone.
19:26 of 2nd period - Chandler Stephenson is hit by Jordan Eberle.
19:29 of 2nd period - Yanni Gourde is hit by Alexander Barabanov and loses puck.
Goals for this period are 1 for PORTLAND PIRATES vs 2 for UTAH ICE BEARS.
Shots for this period are 10 for PORTLAND PIRATES vs 8 for UTAH ICE BEARS.

3rd period


0:01 of 3rd period - Michael McLeod wins face-off versus Evgeni Malkin in neutral zone.
0:15 of 3rd period - Alexander Ovechkin is hit by Brett Pesce and loses puck.
0:49 of 3rd period - Off-side.
0:50 of 3rd period - Mika Zibanejad wins face-off versus Matthew Beniers in neutral zone.
1:27 of 3rd period - Shot by Robert Thomas.
1:27 of 3rd period - Shot Blocked by Kristopher Letang.
1:29 of 3rd period - Shot by Mika Zibanejad.
1:29 of 3rd period - Shot Misses the Net.
1:31 of 3rd period - Shot by Travis Konecny.
1:31 of 3rd period - Shot Misses the Net.
1:51 of 3rd period - Shot by Pavel Zacha.
1:51 of 3rd period - Stopped by Thatcher Demko without a rebound.
1:52 of 3rd period - Evgeni Malkin wins face-off versus Jonathan Toews in UTAH ICE BEARS zone.
1:52 of 3rd period - Evgeni Malkin is hit by Ryan McLeod.
2:04 of 3rd period - Shot by Alexander Ovechkin.
2:04 of 3rd period - Shot Misses the Net.
2:14 of 3rd period - Shot by Alexander Ovechkin.
2:14 of 3rd period - Stopped by Cameron Talbot without a rebound.
2:15 of 3rd period - Pavel Zacha wins face-off versus Morgan Frost in PORTLAND PIRATES zone.
2:36 of 3rd period - Andrew Peeke is hit by Yanni Gourde and loses puck.
3:55 of 3rd period - Shot by Alexander Ovechkin.
3:55 of 3rd period - Stopped by Cameron Talbot without a rebound.
3:56 of 3rd period - Matthew Beniers wins face-off versus Mika Zibanejad in PORTLAND PIRATES zone.
4:05 of 3rd period - Shot by Travis Konecny.
4:05 of 3rd period - Stopped by Thatcher Demko without a rebound.
4:06 of 3rd period - Matthew Beniers wins face-off versus Mika Zibanejad in UTAH ICE BEARS zone.
4:18 of 3rd period - Icing by Robert Thomas.
4:19 of 3rd period - Mika Zibanejad wins face-off versus Evgeni Malkin in PORTLAND PIRATES zone.
4:30 of 3rd period - Shot by Travis Konecny.
4:30 of 3rd period - Shot Blocked by Matthew Tkachuk.
4:56 of 3rd period - Shot by Travis Konecny.
4:56 of 3rd period - Goal by Travis Konecny - PORTLAND PIRATES : 2 - UTAH ICE BEARS : 3.
4:57 of 3rd period - Matthew Beniers wins face-off versus Chandler Stephenson in neutral zone.
5:54 of 3rd period - Shot by Jonathan Toews.
5:54 of 3rd period - Stopped by Thatcher Demko without a rebound.
5:55 of 3rd period - Evgeni Malkin wins face-off versus Jonathan Toews in UTAH ICE BEARS zone.
6:27 of 3rd period - Icing by Brian Dumoulin.
6:28 of 3rd period - Jonathan Toews wins face-off versus Morgan Frost in PORTLAND PIRATES zone.
6:48 of 3rd period - Shot by Alexander Kerfoot.
6:48 of 3rd period - Stopped by Thatcher Demko without a rebound.
6:49 of 3rd period - Evgeni Malkin wins face-off versus Travis Konecny in UTAH ICE BEARS zone.
7:14 of 3rd period - Shot by Alexander Ovechkin.
7:14 of 3rd period - Shot Misses the Net.
7:28 of 3rd period - Shot by Robert Thomas.
7:28 of 3rd period - Stopped by Thatcher Demko without a rebound.
7:29 of 3rd period - Lucas Raymond wins face-off versus Chandler Stephenson in UTAH ICE BEARS zone.
7:48 of 3rd period - Chandler Stephenson is hit by Lucas Raymond and loses puck.
7:56 of 3rd period - Icing by Marc-Edouard Vlasic.
7:57 of 3rd period - Chandler Stephenson wins face-off versus Matthew Beniers in PORTLAND PIRATES zone.
8:06 of 3rd period - Shot by Chandler Stephenson.
8:06 of 3rd period - Goal by Chandler Stephenson - PORTLAND PIRATES : 3 - UTAH ICE BEARS : 3.
8:07 of 3rd period - Matthew Beniers wins face-off versus Michael McLeod in neutral zone.
8:12 of 3rd period - Shot by Jordan Eberle.
8:12 of 3rd period - Stopped by Cameron Talbot with a rebound.
8:21 of 3rd period - Nathan Bastian is hit by Andrew Peeke and loses puck.
8:38 of 3rd period - Nathan Bastian is hit by Andrew Peeke and loses puck.
8:45 of 3rd period - Shot by Nathan Bastian.
8:45 of 3rd period - Shot Misses the Net.
9:13 of 3rd period - Shot by Robert Thomas.
9:13 of 3rd period - Shot Blocked by Matthew Tkachuk.
9:21 of 3rd period - Shot by Robert Thomas.
9:21 of 3rd period - Shot Blocked by Bowen Byram.
9:23 of 3rd period - Shot by Mika Zibanejad.
9:23 of 3rd period - Stopped by Thatcher Demko without a rebound.
9:24 of 3rd period - Chandler Stephenson wins face-off versus Morgan Frost in UTAH ICE BEARS zone.
10:03 of 3rd period - Shot by Chandler Stephenson.
10:03 of 3rd period - Stopped by Thatcher Demko without a rebound.
10:04 of 3rd period - Evgeni Malkin wins face-off versus Jonathan Toews in UTAH ICE BEARS zone.
10:11 of 3rd period - Shot by Evgeni Malkin.
10:11 of 3rd period - Shot Misses the Net.
10:21 of 3rd period - Shot by Alexander Kerfoot.
10:21 of 3rd period - Shot Blocked by Bowen Byram.
11:21 of 3rd period - Shot by Robert Thomas.
11:21 of 3rd period - Shot Blocked by Evgeni Malkin.
11:23 of 3rd period - Shot by Thomas Chabot.
11:23 of 3rd period - Shot Misses the Net.
11:27 of 3rd period - Shot by Robert Thomas.
11:27 of 3rd period - Shot Blocked by Matthew Tkachuk.
11:29 of 3rd period - Shot by Robert Thomas.
11:29 of 3rd period - Shot Hit the Post.
11:31 of 3rd period - Shot by Travis Konecny.
11:31 of 3rd period - Deflect By Mika Zibanejad.
11:31 of 3rd period - Shot Misses the Net.
11:33 of 3rd period - Shot by Nick Holden.
11:33 of 3rd period - Stopped by Thatcher Demko with a rebound.
12:09 of 3rd period - Shot by Chandler Stephenson.
12:09 of 3rd period - Stopped by Thatcher Demko with a rebound.
12:15 of 3rd period - Shot by Chandler Stephenson.
12:15 of 3rd period - Stopped by Thatcher Demko without a rebound.
12:16 of 3rd period - Matthew Beniers wins face-off versus Nathan Bastian in UTAH ICE BEARS zone.
12:39 of 3rd period - Shot by Jordan Eberle.
12:39 of 3rd period - Goal by Jordan Eberle - PORTLAND PIRATES : 3 - UTAH ICE BEARS : 4.
12:40 of 3rd period - Chandler Stephenson wins face-off versus Morgan Frost in neutral zone.
13:42 of 3rd period - Icing by Mika Zibanejad.
13:43 of 3rd period - Matthew Beniers wins face-off versus Mika Zibanejad in PORTLAND PIRATES zone.
14:46 of 3rd period - Shot by Blake Lizotte.
14:46 of 3rd period - Shot Blocked by Thomas Chabot.
15:17 of 3rd period - Icing by Ryan Suter.
15:18 of 3rd period - Blake Lizotte wins face-off versus Chandler Stephenson in UTAH ICE BEARS zone.
15:40 of 3rd period - Shot by Chandler Stephenson.
15:40 of 3rd period - Stopped by Thatcher Demko without a rebound.
15:41 of 3rd period - Jonathan Toews wins face-off versus Matthew Beniers in UTAH ICE BEARS zone.
15:50 of 3rd period - Shot by Alexander Kerfoot.
15:50 of 3rd period - Shot Blocked by David Savard.
16:14 of 3rd period - Shot by Alexander Barabanov.
16:14 of 3rd period - Stopped by Cameron Talbot with a rebound.
16:18 of 3rd period - Shot by Matthew Beniers.
16:18 of 3rd period - Goal by Matthew Beniers - PORTLAND PIRATES : 3 - UTAH ICE BEARS : 5.
16:19 of 3rd period - Chandler Stephenson wins face-off versus Morgan Frost in neutral zone.
16:43 of 3rd period - Lucas Raymond is hit by Yanni Gourde and loses puck.
16:57 of 3rd period - Shot by Morgan Frost.
16:57 of 3rd period - Stopped by Cameron Talbot with a rebound.
17:35 of 3rd period - Shot by Alexander Ovechkin.
17:35 of 3rd period - Shot Misses the Net.
17:48 of 3rd period - Icing by Brett Pesce.
17:49 of 3rd period - Chandler Stephenson wins face-off versus Matthew Beniers in PORTLAND PIRATES zone.
18:10 of 3rd period - Shot by Jonathan Toews.
18:10 of 3rd period - Stopped by Thatcher Demko with a rebound.
18:12 of 3rd period - Shot by Nick Holden.
18:12 of 3rd period - Shot Blocked by Jordan Eberle.
18:14 of 3rd period - Shot by Ryan McLeod.
18:14 of 3rd period - Stopped by Thatcher Demko without a rebound.
18:15 of 3rd period - Mika Zibanejad wins face-off versus Blake Lizotte in UTAH ICE BEARS zone.
18:26 of 3rd period - Shot by Mika Zibanejad.
18:26 of 3rd period - Shot Misses the Net.
19:19 of 3rd period - Shot by Thomas Chabot.
19:19 of 3rd period - Stopped by Thatcher Demko with a rebound.
Goals for this period are 2 for PORTLAND PIRATES vs 2 for UTAH ICE BEARS.
Shots for this period are 16 for PORTLAND PIRATES vs 7 for UTAH ICE BEARS.


BLAKE
WHEELER
STEVEN
STAMKOS
DREW
DOUGHTY

EAST COAST

HOCKEY LEAGUE

  • 63.RHI2PIT5
  • 64.WOR4ATL3
  • 65.QUECHW
  • 66.CHATRV